 Dungeon Crawl Stone Soup version 0.26.1-11-gd32895ea62 (webtiles) character file.

Game seed: 341335536934214144

1351 H0rd4k the Slasher (level 8, -3/60 HPs)
             Began as a Human Artificer on Apr 23, 2021.
             Slain by an orc
             ... wielding a +0 trident
              (6 damage)
             ... in a bailey.
             The game lasted 00:13:48 (10419 turns).

H0rd4k the Slasher (Human Artificer)               Turns: 10419, Time: 00:13:49

Health: -3/60      AC: 10    Str: 17    XL:     8   Next: 95%
Magic:  8/8        EV: 12    Int: 12    God:
Gold:   365        SH:  0    Dex: 13    Spells: 7/7 levels left

rFire    . . .     SeeInvis +   F - +2 dagger (elec)
rCold    + + .     Faith    .   (no shield)
rNeg     + . .     Spirit   .   z - +1 ring mail of Womeciun {rPois rN+ Str+2 SInv}
rPois    +         Reflect  .   (no helmet)
rElec    +         Harm     .   w - +2 cloak of the Thief {*Fog Slay-2 SInv Stlth+}
rCorr    .         Rampage  .   (no gloves)
Will     .....                  (no boots)
Stlth    +++.......             (no amulet)
HPRegen  0.20/turn              t - ring of ice
MPRegen  0.11/turn              E - ring "Ficroum" {+Fly rElec rF+ rC+}

@: no status effects
A: no striking features
a: Evoke Flight


You were in a bailey.
You visited 1 branch of the dungeon, and saw 7 of its levels.
You also visited: Bailey.

You collected 365 gold pieces.

Inventory:

Hand Weapons
 j - a +0 short sword
 k - a cursed -3 hunting sling
 p - a +0 long sword
 v - a +0 short sword
 F - a +2 dagger of electrocution (weapon)
Missiles
 s - 14 poisoned darts
Armour
 b - a +0 leather armour
 w - the +2 cloak of the Thief (worn) {*Fog Slay-2 SInv Stlth+}
   (You found it on level 4 of the Dungeon)

   It affects your accuracy and damage with ranged weapons and melee attacks
   (-2).
   It lets you see invisible.
   It makes you more stealthy.
 z - the +1 ring mail of Womeciun (worn) {rPois rN+ Str+2 SInv}
   (You found it on level 5 of the Dungeon)

   It affects your strength (+2).
   It protects you from poison.
   It protects you from negative energy.
   It lets you see invisible.
Jewellery
 t - a ring of ice (left hand)
 u - an uncursed ring of ice
 E - the ring "Ficroum" (right hand) {+Fly rElec rF+ rC+}
   (You found it on level 7 of the Dungeon)

   [ring of flight]

   It protects you from fire.
   It protects you from cold.
   It insulates you from electricity.
   It lets you fly.
Wands
 d - a wand of enslavement (2)
Scrolls
 f - 5 scrolls of remove curse
 m - 2 scrolls of magic mapping
 n - 3 scrolls of teleportation
 r - 3 scrolls of fog
Potions
 a - 3 potions of curing
 c - a potion of mutation
 e - a potion of berserk rage {unknown}
 h - 2 potions of haste
 i - 3 potions of invisibility
 l - a potion of resistance
 o - a potion of heal wounds {unknown}
 q - 4 potions of might
 A - a potion of lignification
 D - a potion of flight


   Skills:
 + Level 4.2 Fighting
 + Level 3.0(4.4) Short Blades
 + Level 5.1(5.5) Long Blades
 + Level 4.3 Armour
 + Level 3.6 Dodging
 + Level 3.1 Stealth
 + Level 4.3 Evocations


You had 7 spell levels left.
You didn't know any spells.
Your spell library contained the following spells:

 Spells                   Type           Power        Failure   Level
 Animate Skeleton         Necr           0%           50%         1
 Corona                   Hex            0%           50%         1
 Pain                     Necr           0%           50%         1
 Ensorcelled Hibernation  Hex/Ice        0%           65%         2
 Confusing Touch          Hex            0%           86%         3
 Dazzling Flash           Conj/Hex       0%           86%         3
 Gell's Gravitas          Tloc           0%           86%         3
 Tukima's Dance           Hex            0%           86%         3
 Vampiric Draining        Necr           0%           86%         3
 Animate Dead             Necr           0%           99%         4
 Petrify                  Tmut/Erth      0%           99%         4
 Agony                    Necr           0%           100%        5
 Metabolic Englaciation   Hex/Ice        0%           100%        5
 Yara's Violent Unravell  Hex/Tmut       0%           100%        5


Dungeon Overview and Level Annotations

Branches:
Dungeon (7/15)             Temple (0/1) D:7          Bailey (1/1)

Altars:
Elyvilon
Nemelex Xobeh

Shops:
D:4 (

Annotations:
D:3 Grinder
D:4 exclusion: upstairs
D:5 exclusion: ice beast


Message History

* * * LOW HITPOINT WARNING * * *
The orc closely misses you.
The orc hits you from afar with a cursed -1 trident.
* * * LOW HITPOINT WARNING * * *
The orc shouts!
You hit the orc but do no damage.
The orc is lightly wounded.
Okay, then.
Unknown command.
Really quaff the potion of lignification?
Okay, then.
Unknown command.
You hit the orc but do no damage. Lightning courses through the orc!!
You kill the orc!
The orc barely misses you. The orc misses you. The orc barely misses you.
The orc hits you with a cursed -1 trident.
* * * LOW HITPOINT WARNING * * *
You hit the orc but do no damage. The orc hits you with a +0 trident.
You die...

###########
##.∩........
#.....o....o
#)..........
#∩))........
#)@)......o.
#.oo........
##.∩........
###########


You could see 3 orcs.

Vanquished Creatures
  A sky beast (D:5)
  An orc warrior (D:7)
  2 ogres (D:5)
  2 bullfrogs (D:6)
  4 scorpions
  A centaur zombie (D:7)
  An orc priest (D:7)
  4 orc wizards
  Jessica (D:3)
  2 iguanas
  3 worker ants
  A howler monkey zombie (D:5)
  A worker ant zombie (D:7)
  Robin (D:4)
  3 gnolls (D:4)
  12 adders
  3 white imps
  An ooze (D:2)
  An ufetubus (D:5)
  3 worms
  2 dart slugs (D:2)
  8 leopard geckos
  19 orcs
  A ball python (D:5)
  4 bats
  12 giant cockroaches
  20 goblins
  10 hobgoblins
  11 jackals
  6 quokkas
  4 frilled lizards
  5 kobolds
  9 rats
159 creatures vanquished.

Vanquished Creatures (collateral kills)
  An orc priest (D:7)
  An orc wizard (D:7)
  A worker ant (D:5)
  A white imp (D:7)
  A leopard gecko (D:7)
  2 orcs
  3 goblins (D:7)
  A quokka (D:7)
11 creatures vanquished.

Vanquished Creatures (others)
  2 orc wizards
  A gnoll (D:4)
  An adder (D:4)
  3 orcs
  A quokka (D:2)
  A plant (D:3)
9 creatures vanquished.

Grand Total: 179 creatures vanquished

Notes
Turn   | Place    | Note
-------+----------+-------------------------------------------
     0 | D:1      | H0rd4k the Human Artificer began the quest for the Orb.
     0 | D:1      | Reached XP level 1. HP: 15/15 MP: 1/1
   292 | D:1      | Reached XP level 2. HP: 21/21 MP: 2/2
  1327 | D:2      | Reached XP level 3. HP: 26/26 MP: 3/3
  2166 | D:2      | Reached skill level 1 in Short Blades
  2191 | D:2      | Reached XP level 4. HP: 4/32 MP: 4/4
  2985 | D:2      | Found a sparkling altar of Nemelex Xobeh.
  3484 | D:2      | Reached XP level 5. HP: 37/37 MP: 5/5
  3883 | D:3      | Noticed Jessica
  3889 | D:3      | Killed Jessica
  4201 | D:3      | Noticed Grinder
  4205 | D:3      | Paralysed by Grinder for 6 turns
  4559 | D:4      | Reached XP level 6. HP: 37/44 MP: 6/6
  4671 | D:4      | Noticed an ogre
  4982 | D:4      | Found the +2 cloak of the Thief {*Fog Slay-2 SInv Stlth+}
  5441 | D:4      | Noticed Robin
  5704 | D:3      | Reached skill level 1 in Long Blades
  6583 | D:4      | Found Cesch's Antique Weapon Emporium.
  6971 | D:4      | Killed Robin
  7003 | D:4      | Reached XP level 7. HP: 32/51 MP: 7/7
  7202 | D:5      | Entered Level 5 of the Dungeon
  7614 | D:5      | Got a slimy ring mail
  7625 | D:5      | Identified the +1 ring mail of Womeciun {rPois rN+ Str+2
                  | SInv} (You found it on level 5 of the Dungeon)
  7675 | D:5      | Reached skill level 2 in Long Blades
  8487 | D:5      | Reached skill level 3 in Long Blades
  8487 | D:5      | Reached XP level 8. HP: 48/58 MP: 8/8
  9231 | D:5      | Found a white marble altar of Elyvilon.
  9848 | D:6      | Reached skill level 4 in Long Blades
  9978 | D:7      | Got a smoking steel ring
  9987 | D:7      | Identified the ring "Ficroum" {+Fly rElec rF+ rC+} (You
                  | found it on level 7 of the Dungeon)
 10103 | D:7      | Reached skill level 5 in Long Blades
 10117 | D:7      | Found a flagged portal.
 10134 | Bailey   | Entered a bailey
 10418 | Bailey   | HP: 3/60 [orc/cursed -1 trident (5)]
 10419 | Bailey   | Slain by an orc

Illustrated notes

Levels and vault maps discovered:
D:1:      minmay_arrival_split_and_join, layout_loops_ring,
          chequers_serial_rivers_micro_c
D:2:      minmay_skewed_foursquare, layout_loops_ring, nemelex_dance_club_becter
D:3:      corexii_shack_village, layout_basic, minmay_misc_feat_iff,
          uniq_jessica, uniq_grinder
D:4:      layout_basic, serial_shops, nicolae_shop_stone, uniq_robin
D:5:      layout_loops_corners, elyvilon_altar_1, gup_sewer_entry_pipe
D:6:      layout_loops_ring
D:7:      layout_cave_pods, minmay_temple_entry_glass, serial_column_ruins,
          column_ruins_corridor_T, column_ruins_open_small,
          column_ruins_corridor_corner, column_ruins_open_small, enter_bailey_5,
          minmay_quadrilaterals
Bailey:   bailey_polearm_5, bailey

Skill      XL: |  1  2  3  4  5  6  7  8 |
---------------+-------------------------+-----
Short Blades   | 1 2 3 |  3.0
Dodging        | 2 3 |  3.6
Fighting       | 2 3 4 |  4.2
Evocations     | 4 |  4.3
Long Blades    | 1 3 5 |  5.1
Armour         | 3 4 |  4.3
Stealth        | 2 3 |  3.1

Action                   |  1- 3 |  4- 6 |  7- 9 || total
-------------------------+-------+-------+-------++-------
Melee: Club              |     9 |       |       ||     9
       Short sword       |   120 |   143 |    24 ||   287
       Long sword        |       |   120 |   298 ||   418
       Dagger            |       |       |    32 ||    32
Evoke: Wand              |     7 |    24 |    17 ||    48
  Use: Scroll            |       |       |    15 ||    15
 Stab: Sleeping          |       |     1 |     1 ||     2
       Paralysed         |       |     6 |     7 ||    13
       Distracted        |       |       |     1 ||     1
       Betrayed ally     |       |       |     1 ||     1
Armor: Leather armour    |    32 |    49 |     2 ||    83
       Ring mail         |       |       |   182 ||   182
Dodge: Dodged            |    78 |   183 |   297 ||   558
       Rpst.: Long sword |       |    23 |    65 ||    88
